Description

.

Replay - llllllllllll v Serral - Kairos Junction LE

Build Order

Get SALT Encoding   

  12  0:00  Drone  
  13  0:12  Overlord  
  13  0:17  Drone  
  14  0:31  Drone x2  
  16  0:48  Hatchery  
  15  0:51  Drone x2  
  17  0:58  Drone  
  18  1:09  Extractor  
  17  1:13  Spawning Pool  
  17  1:17  Drone x2  
  18  1:28  Drone  
  20  1:59  Overlord  
  20  2:00  Queen x2  
  20  2:01  Zergling x4  
  26  2:12  Metabolic Boost  
  30  2:33  Overlord  
  30  2:35  Zergling x2, Queen  
  33  2:39  Spore Crawler  
  37  3:01  Hatchery  
  36  3:10  Overlord  
  41  3:20  Queen  
  44  3:30  Overlord  
  47  3:46  Zergling x4  
  52  4:02  Zergling x2  
  53  4:05  Queen  
  53  4:06  Baneling Nest  
  55  4:16  Queen  
  60  4:23  Zergling x6  
  63  4:29  Lair  
  65  4:32  Spore Crawler x2  
  65  4:35  Zergling x2  
  65  4:43  Spore Crawler  
  70  4:53  Queen  
  73  5:05  Extractor  
  75  5:11  Extractor  
  75  5:13  Baneling x4  
  79  5:26  Baneling x6  
  79  5:30  Roach Warren  
  78  5:37  Queen x2  
  85  5:50  Centrifical Hooks  
  94  6:20  Glial Reconstitution  
  94  6:29  Roach x3  
  84  6:51  Ravager x3  
  92  6:56  Roach x6  
  92  6:57  Queen  
  92  6:59  Extractor  
  107  7:08  Extractor x2, Evolution Chamber  
  106  7:15  Roach  
  108  7:22  Ravager x2  
  114  7:46  Zerg Missile Weapons Level 1  
  114  7:49  Evolution Chamber  
  114  7:54  Hatchery  
  107  8:24  Zerg Melee Weapons Level 1  
  123  8:34  Ravager x5  
  139  9:17  Infestation Pit  
  141  9:26  Spine Crawler  
  149  9:33  Pneumatized Carapace  
  151  9:47  Hatchery, Spine Crawler  
Spawning Tool Build Advisor. Get it on Overwolf

Analysis

.

Go to:

Details

  • Created by: hellorush
  • Published on: Aug 06, 2019
  • Modified on: Aug 06, 2019
  • Patch: 4.7.1
Show
View Real Time Build Order
Export as new Build Order

Comments (0)

There are no comments. Be the first!

Create an account to comment!